Workbook

Sheet Workings Straight
A1: Straight Line (on Cost)
A2: Nominal Ledger
A3: Dr | B3: Depreciation (Expense) | G3: Cr
A4: Date | B4: Details | C4: £ | E4: Date | F4: Details | G4: £
A5: End of Year 1 | B5: Annual Expense | C5: 18000 | E5: End of Year 1 | F5: To P/L account | G5: 18000
A6: End of Year 2 | B6: Annual Expense | C6: 18000 | E6: End of Year 2 | F6: To P/L account | G6: 18000
A7: End of Year 3 | B7: Annual Expense | C7: 18000 | E7: End of Year 3 | F7: To P/L account | G7: 18000
A8: End of Year 4 | B8: Annual Expense | C8: 18000 | E8: End of Year 4 | F8: To P/L account | G8: 18000
A9: End of Year 5 | B9: Annual Expense | C9: 18000 | E9: End of Year 5 | F9: To P/L account | G9: 18000
A12: Dr | B12: Provision for Depreciation | G12: Cr
A13: Date | B13: Details | C13: £ | E13: Date | F13: Details | G13: £
A14: End of Year 1 | B14: Balance c/d | C14: =G14 -> 18000 | E14: End of Year 1 | F14: Annual Expense | G14: =C5 -> 18000
E15: Start of Year 2 | F15: Balance b/d | G15: =C14 -> 18000
A16: End of Year 2 | B16: Balance c/d | C16: =C17 -> 36000 | E16: End of Year 2 | F16: Annual Expense | G16: =C6 -> 18000
C17: =G17 -> 36000 | G17: =SUM(G15:G16) -> 36000
E18: Start of Year 3 | F18: Balance b/d | G18: =C16 -> 36000
A19: End of Year 3 | B19: Balance c/d | C19: =C20 -> 54000 | E19: End of Year 3 | F19: Annual Expense | G19: =C7 -> 18000
C20: =G20 -> 54000 | G20: =SUM(G18:G19) -> 54000
E21: Start of Year 4 | F21: Balance b/d | G21: =C19 -> 54000
A22: End of Year 3 | B22: Balance c/d | C22: =C23 -> 72000 | E22: End of Year 4 | F22: Annual Expense | G22: =C8 -> 18000
C23: =G23 -> 72000 | G23: =SUM(G21:G22) -> 72000
E24: Start of Year 5 | F24: Balance b/d | G24: =C22 -> 72000
A25: End of Year 5 | B25: Balance c/d | C25: =C26 -> 90000 | E25: End of Year 5 | F25: Annual Expense | G25: =C9 -> 18000
C26: =G26 -> 90000 | G26: =SUM(G24:G25) -> 90000
A28: Balance Sheet (extract)
A29: Fixed Assets | E29: Cost | F29: Depreciation | G29: Carrying Value
A30: Machinery | E30: £ | F30: £ | G30: £
B31: End of Year 1 | E31: 100000 | F31: =G14 -> 18000 | G31: =E31-F31 -> 82000
B32: End of Year 2 | E32: =E31 -> 100000 | F32: =F31+G16 -> 36000 | G32: =E32-F32 -> 64000
B33: End of Year 3 | E33: =E32 -> 100000 | F33: =F32+G19 -> 54000 | G33: =E33-F33 -> 46000
B34: End of Year 4 | E34: =E33 -> 100000 | F34: =F33+G22 -> 72000 | G34: =E34-F34 -> 28000
B35: End of Year 5 | E35: =E34 -> 100000 | F35: =F34+G25 -> 90000 | G35: =E35-F35 -> 10000

Sheet Workings Reducing
A1: Reducing Balance
A2: Nominal Ledger
A3: Dr | B3: Depreciation (Expense) | G3: Cr
A4: Date | B4: Details | C4: £ | E4: Date | F4: Details | G4: £
A5: End of Year 1 | B5: Annual Expense | C5: =100000*0.3 -> 30000 | E5: End of Year 1 | F5: To P/L account | G5: =C5 -> 30000
A6: End of Year 2 | B6: Annual Expense | C6: =70000*0.3 -> 21000 | E6: End of Year 2 | F6: To P/L account | G6: =C6 -> 21000
A7: End of Year 3 | B7: Annual Expense | C7: =49000*0.3 -> 14700 | E7: End of Year 3 | F7: To P/L account | G7: =C7 -> 14700
A8: End of Year 4 | B8: Annual Expense | C8: =34300*0.3 -> 10290 | E8: End of Year 4 | F8: To P/L account | G8: =C8 -> 10290
A9: End of Year 5 | B9: Annual Expense | C9: =24010*0.3 -> 7203 | E9: End of Year 5 | F9: To P/L account | G9: =C9 -> 7203
A12: Dr | B12: Provision for Depreciation | G12: Cr
A13: Date | B13: Details | C13: £ | E13: Date | F13: Details | G13: £
A14: End of Year 1 | B14: Balance c/d | C14: =G14 -> 30000 | E14: End of Year 1 | F14: Annual Expense | G14: =C5 -> 30000
E15: Start of Year 2 | F15: Balance b/d | G15: =C14 -> 30000
A16: End of Year 2 | B16: Balance c/d | C16: =C17 -> 51000 | E16: End of Year 2 | F16: Annual Expense | G16: =C6 -> 21000
C17: =G17 -> 51000 | G17: =SUM(G15:G16) -> 51000
E18: Start of Year 3 | F18: Balance b/d | G18: =C16 -> 51000
A19: End of Year 3 | B19: Balance c/d | C19: =C20 -> 65700 | E19: End of Year 3 | F19: Annual Expense | G19: =C7 -> 14700
C20: =G20 -> 65700 | G20: =SUM(G18:G19) -> 65700
E21: Start of Year 4 | F21: Balance b/d | G21: =C19 -> 65700
A22: End of Year 3 | B22: Balance c/d | C22: =C23 -> 75990 | E22: End of Year 4 | F22: Annual Expense | G22: =C8 -> 10290
C23: =G23 -> 75990 | G23: =SUM(G21:G22) -> 75990
E24: Start of Year 5 | F24: Balance b/d | G24: =C22 -> 75990
A25: End of Year 5 | B25: Balance c/d | C25: =C26 -> 83193 | E25: End of Year 5 | F25: Annual Expense | G25: =C9 -> 7203
C26: =G26 -> 83193 | G26: =SUM(G24:G25) -> 83193
A28: Balance Sheet (extract)
A29: Fixed Assets | E29: Cost | F29: Depreciation | G29: Carrying Value
A30: Machinery | E30: £ | F30: £ | G30: £
B31: End of Year 1 | E31: 100000 | F31: =G14 -> 30000 | G31: =E31-F31 -> 70000
B32: End of Year 2 | E32: =E31 -> 100000 | F32: =F31+G16 -> 51000 | G32: =E32-F32 -> 49000
B33: End of Year 3 | E33: =E32 -> 100000 | F33: =F32+G19 -> 65700 | G33: =E33-F33 -> 34300
B34: End of Year 4 | E34: =E33 -> 100000 | F34: =F33+G22 -> 75990 | G34: =E34-F34 -> 24010
B35: End of Year 5 | E35: =E34 -> 100000 | F35: =F34+G25 -> 83193 | G35: =E35-F35 -> 16807

Sheet Disposal
A1: Disposal Straight Line (on Cost)
A3: Disposal Account
A4: Dr | G4: Cr
A5: Date | B5: Details | C5: £ | E5: Date | F5: Details | G5: £
A6: End of YR4 | B6: Machinery | C6: ='Workings Straight'!E31 -> 100000 | E6: End of YR4 | F6: Total Depreciation | G6: ='Workings Straight'!G21 -> 54000
E7: End of YR4 | F7: Bank | G7: 40000
E8: End of YR4 | F8: Loss | G8: =G10-(G6+G7) -> 6000
C10: =C6 -> 100000 | G10: =C10 -> 100000
A13: Disposal Reducing Balance
A15: Disposal Account
A16: Dr | G16: Cr
A17: Date | B17: Details | C17: £ | E17: Date | F17: Details | G17: £
A18: End of YR4 | B18: Machinery | C18: =C6 -> 100000 | E18: End of YR4 | F18: Total Depreciation | G18: ='Workings Reducing'!G21 -> 65700
A19: End of YR4 | B19: Profit | C19: =C21-C18 -> 5700 | E19: End of YR4 | F19: Bank | G19: 40000
C21: =G21 -> 105700 | G21: =SUM(G18:G20) -> 105700

Sheet Straight 2
A1: Straight Line (on Cost)
A2: Nominal Ledger
A3: Dr | B3: Depreciation (Expense) | G3: Cr
A4: Date | B4: Details | C4: £ | E4: Date | F4: Details | G4: £
A5: End of Year 1 | B5: Annual Expense | C5: 18000 | E5: End of Year 1 | F5: To P/L account | G5: 18000
A6: End of Year 2 | B6: Annual Expense | C6: 18000 | E6: End of Year 2 | F6: To P/L account | G6: 18000
A7: End of Year 3 | B7: Annual Expense | C7: 18000 | E7: End of Year 3 | F7: To P/L account | G7: 18000
A8: End of Year 4 | B8: Annual Expense | C8: 18000 | E8: End of Year 4 | F8: To P/L account | G8: 18000
A9: End of Year 5 | B9: Annual Expense | C9: 18000 | E9: End of Year 5 | F9: To P/L account | G9: 18000
A12: Dr | B12: Provision for Depreciation | G12: Cr
A13: Date | B13: Details | C13: £ | E13: Date | F13: Details | G13: £
A14: End of Year 1 | B14: Balance c/d | C14: =G14 -> 18000 | E14: End of Year 1 | F14: Annual Expense | G14: =C5 -> 18000
E15: Start of Year 2 | F15: Balance b/d | G15: =C14 -> 18000
A16: End of Year 2 | B16: Balance c/d | C16: =C17 -> 36000 | E16: End of Year 2 | F16: Annual Expense | G16: =C6 -> 18000
C17: =G17 -> 36000 | G17: =SUM(G15:G16) -> 36000
E18: Start of Year 3 | F18: Balance b/d | G18: =C16 -> 36000
A19: End of Year 3 | B19: Balance c/d | C19: =C20 -> 54000 | E19: End of Year 3 | F19: Annual Expense | G19: =C7 -> 18000
C20: =G20 -> 54000 | G20: =SUM(G18:G19) -> 54000
E21: Start of Year 4 | F21: Balance b/d | G21: =C19 -> 54000
A22: End of Year 3 | B22: Balance c/d | C22: =C23 -> 72000 | E22: End of Year 4 | F22: Annual Expense | G22: =C8 -> 18000
C23: =G23 -> 72000 | G23: =SUM(G21:G22) -> 72000
E24: Start of Year 5 | F24: Balance b/d | G24: =C22 -> 72000
A25: End of Year 5 | B25: Balance c/d | C25: =C26 -> 90000 | E25: End of Year 5 | F25: Annual Expense | G25: =C9 -> 18000
C26: =G26 -> 90000 | G26: =SUM(G24:G25) -> 90000
A28: Balance Sheet (extract)
A29: Fixed Assets | E29: Cost | F29: Depreciation | G29: Carrying Value
A30: Machinery | E30: £ | F30: £ | G30: £
B31: End of Year 1 | E31: 100000 | F31: =G14 -> 18000 | G31: =E31-F31 -> 82000
B32: End of Year 2 | E32: =E31 -> 100000 | F32: =F31+G16 -> 36000 | G32: =E32-F32 -> 64000
B33: End of Year 3 | E33: =E32 -> 100000 | F33: =F32+G19 -> 54000 | G33: =E33-F33 -> 46000
B34: End of Year 4 | E34: =E33 -> 100000 | F34: =F33+G22 -> 72000 | G34: =E34-F34 -> 28000
B35: End of Year 5 | E35: =E34 -> 100000 | F35: =F34+G25 -> 90000 | G35: =E35-F35 -> 10000

Sheet Reducing 2
A1: Reducing Balance
A2: Nominal Ledger
A3: Dr | B3: Depreciation (Expense) | G3: Cr
A4: Date | B4: Details | C4: £ | E4: Date | F4: Details | G4: £
A5: End of Year 1 | B5: Annual Expense | C5: =100000*0.3 -> 30000 | E5: End of Year 1 | F5: To P/L account | G5: =C5 -> 30000
A6: End of Year 2 | B6: Annual Expense | C6: =70000*0.3 -> 21000 | E6: End of Year 2 | F6: To P/L account | G6: =C6 -> 21000
A7: End of Year 3 | B7: Annual Expense | C7: =49000*0.3 -> 14700 | E7: End of Year 3 | F7: To P/L account | G7: =C7 -> 14700
A8: End of Year 4 | B8: Annual Expense | C8: =34300*0.3 -> 10290 | E8: End of Year 4 | F8: To P/L account | G8: =C8 -> 10290
A9: End of Year 5 | B9: Annual Expense | C9: =24010*0.3 -> 7203 | E9: End of Year 5 | F9: To P/L account | G9: =C9 -> 7203
A12: Dr | B12: Provision for Depreciation | G12: Cr
A13: Date | B13: Details | C13: £ | E13: Date | F13: Details | G13: £
A14: End of Year 1 | B14: Balance c/d | C14: =G14 -> 30000 | E14: End of Year 1 | F14: Annual Expense | G14: =C5 -> 30000
E15: Start of Year 2 | F15: Balance b/d | G15: =C14 -> 30000
A16: End of Year 2 | B16: Balance c/d | C16: =C17 -> 51000 | E16: End of Year 2 | F16: Annual Expense | G16: =C6 -> 21000
C17: =G17 -> 51000 | G17: =SUM(G15:G16) -> 51000
E18: Start of Year 3 | F18: Balance b/d | G18: =C16 -> 51000
A19: End of Year 3 | B19: Balance c/d | C19: =C20 -> 65700 | E19: End of Year 3 | F19: Annual Expense | G19: =C7 -> 14700
C20: =G20 -> 65700 | G20: =SUM(G18:G19) -> 65700
E21: Start of Year 4 | F21: Balance b/d | G21: =C19 -> 65700
A22: End of Year 3 | B22: Balance c/d | C22: =C23 -> 75990 | E22: End of Year 4 | F22: Annual Expense | G22: =C8 -> 10290
C23: =G23 -> 75990 | G23: =SUM(G21:G22) -> 75990
E24: Start of Year 5 | F24: Balance b/d | G24: =C22 -> 75990
A25: End of Year 5 | B25: Balance c/d | C25: =C26 -> 83193 | E25: End of Year 5 | F25: Annual Expense | G25: =C9 -> 7203
C26: =G26 -> 83193 | G26: =SUM(G24:G25) -> 83193
A28: Balance Sheet (extract)
A29: Fixed Assets | E29: Cost | F29: Depreciation | G29: Carrying Value
A30: Machinery | E30: £ | F30: £ | G30: £
B31: End of Year 1 | E31: 100000 | F31: =G14 -> 30000 | G31: =E31-F31 -> 70000
B32: End of Year 2 | E32: =E31 -> 100000 | F32: =F31+G16 -> 51000 | G32: =E32-F32 -> 49000
B33: End of Year 3 | E33: =E32 -> 100000 | F33: =F32+G19 -> 65700 | G33: =E33-F33 -> 34300
B34: End of Year 4 | E34: =E33 -> 100000 | F34: =F33+G22 -> 75990 | G34: =E34-F34 -> 24010
B35: End of Year 5 | E35: =E34 -> 100000 | F35: =F34+G25 -> 83193 | G35: =E35-F35 -> 16807

Sheet Disposal 2
A1: Disposal Straight Line (on Cost)
A3: Disposal Account
A4: Dr | G4: Cr
A5: Date | B5: Details | C5: £ | E5: Date | F5: Details | G5: £
A6: End of YR4 | B6: Machinery | C6: ='Workings Straight'!E31 -> 100000 | E6: End of YR4 | F6: Total Depreciation | G6: ='Workings Straight'!G21 -> 54000
E7: End of YR4 | F7: Bank | G7: 40000
E8: End of YR4 | F8: Loss | G8: =G10-(G6+G7) -> 6000
C10: =C6 -> 100000 | G10: =C10 -> 100000
A13: Disposal Reducing Balance
A15: Disposal Account
A16: Dr | G16: Cr
A17: Date | B17: Details | C17: £ | E17: Date | F17: Details | G17: £
A18: End of YR4 | B18: Machinery | C18: =C6 -> 100000 | E18: End of YR4 | F18: Total Depreciation | G18: ='Workings Reducing'!G21 -> 65700
A19: End of YR4 | B19: Profit | C19: =C21-C18 -> 5700 | E19: End of YR4 | F19: Bank | G19: 40000
C21: =G21 -> 105700 | G21: =SUM(G18:G20) -> 105700
